 Dungeon Crawl Stone Soup version 0.27-a0-887-gcab673c142 (webtiles) character file.

Game seed: 10139551454819402692

102 jasper the Conjurer (level 4, 0/30 HPs)
             Began as a Mummy Conjurer on Apr 4, 2021.
             Slain by Robin
             ... wielding a +0 mace
              (5 damage)
             ... on level 3 of the Dungeon.
             The game lasted 00:03:44 (2922 turns).

jasper the Conjurer (Mummy Conjurer)                Turns: 2922, Time: 00:03:45

Health: 0/30       AC:  4    Str: 10    XL:     4   Next: 49%
Magic:  1/9        EV: 12    Int: 18    God:
Gold:   74         SH:  0    Dex: 10    Spells: 3/10 levels left

rFire    + . .     SeeInvis .   j - staff of conjuration
rCold    + . .     Faith    .   (no shield)
rNeg     + + +     Spirit   .   a - +0 robe
rPois    ∞         Reflect  .   k - +1 helmet
rElec    .         Harm     .   (no cloak)
rCorr    .         Rampage  .   (no gloves)
Will     .....                  (no boots)
Stlth    ++........             (no amulet)
HPRegen  0.10/turn              c - ring of protection from fire
MPRegen  0.11/turn              f - ring of protection from fire

@: very slightly contaminated
A: cold resistance 1, negative energy resistance 3, torment resistance 2,
unbreathing 1, heat vulnerability 1, no potions
a: no special abilities


You were on level 3 of the Dungeon.
You visited 1 branch of the dungeon, and saw 3 of its levels.

You collected 74 gold pieces.

Inventory:

Hand Weapons
 b - a +0 spear
 h - a +0 quarterstaff
Missiles
 i - a throwing net
Armour
 a - a +0 robe (worn)
 k - a +1 helmet (worn)
Magical Staves
 j - a staff of conjuration (weapon)
Jewellery
 c - a ring of protection from fire (left hand)
 f - a ring of protection from fire (right hand)
Scrolls
 d - 4 scrolls of teleportation


   Skills:
 + Level 2.3 Dodging
 - Level 1.5 Stealth
 + Level 3.7 Spellcasting
 * Level 4.2 Conjurations


You had 3 spell levels left.
You knew the following spells:

 Your Spells              Type           Power      Damage    Failure   Level
a - Magic Dart            Conj           100%       1d8       2%          1
b - Searing Ray           Conj           54%        3d5       4%          2
c - Fulminant Prism       Conj/Hex       8%         3d7       54%         4

Your spell library contained the following spells:

 Spells                   Type           Power      Damage    Failure   Level
 Dazzling Flash           Conj/Hex       32%        N/A       19%         3
 Confusing Touch          Hex            3%         N/A       41%         3
 Gell's Gravitas          Tloc           1%         N/A       41%         3
 Iskenderun's Mystic Bla  Conj/Tloc      16%        2d5       54%         4
 Petrify                  Tmut/Erth      3%         N/A       83%         4
 Metabolic Englaciation   Hex/Ice        1%         N/A       99%         5
 Yara's Violent Unravell  Hex/Tmut       1%         3d3       99%         5


Dungeon Overview and Level Annotations

Branches:
Dungeon (3/15)

Altars:

Annotations:
D:3 Robin


Innate Abilities, Weirdness & Mutations

You are immune to poison.
Your flesh is cold resistant. (rC+)
You are immune to negative energy. (rN+++)
You are immune to unholy pain and torment.
You can survive without breathing.
You are vulnerable to heat. (rF-)
You do not drink.


Message History

You kill the goblin!
You finish channeling your searing ray.
A hobgoblin comes into view.
The goblin hits you but does no damage.
You now have 2/9 mp.
Casting: Searing Ray (safe; 4% risk of failure)
Confirm with . or Enter, or press ? or * to list all spells.
Aiming: Searing Ray (safe; 4% risk of failure)
Press: ? - help, Shift-Dir - straight line, f - goblin
Aim: a goblin, wielding a +0 dagger (strong, 26% to evade)
You feel a surge of power!
You miscast Searing Ray.
Nothing appears to happen.
The goblin hits you with a +0 dagger.
You take 6 damage, and have 19/30 hp.
You now have 0/9 mp.
You barely miss the goblin. The goblin hits you with a +0 dagger.
You take 4 damage, and have 15/30 hp.
You hit the goblin.
You kill the goblin!
Robin throws the goblin at you! The goblin closely misses you.
You hit the goblin.
The goblin is heavily wounded.
The goblin closely misses you.
You hit the goblin but do no damage.
The goblin is heavily wounded.
A goblin comes into view. It is wielding a +0 dagger.
The goblin closely misses you. Robin hits you with a +0 mace!
* * * LOW HITPOINT WARNING * * *
The goblin moves out of view.
You take 10 damage, and have 5/30 hp.
MASSIVE DAMAGE!!
You can't drink.
As you read the scroll labelled VIHEMO WITHIE, it crumbles to dust.
It is a scroll of enchant armour.
Your +0 helmet glows green for a moment.
Robin says, "Duck!"
Robin closely misses you. The goblin barely misses you.
As you read the scroll labelled VUHEFE SUTWE, it crumbles to dust.
It is a scroll of identify.
d - 4 scrolls of teleportation The hobgoblin no longer looks unusually strong.
Robin hits you with a +0 mace.
You die...

#.# #.. #.#.# ####
#.. #.#.#######...
#.. #.#...........
.)# #.#.##########
#g# #.#...........
#g# #.#..........#
#g# #.#...........
#@#.#.....########
###g#.#.............
#.....#....>.....##)
#.#.###........#.##.
#.#.# #.............
# #.# #.....##.#.##.
#.# #.....#..#....
#.# #.....#.##....
#.###.....#.###.##


You could see Robin, 2 hobgoblins and a goblin (strong).

Vanquished Creatures
  2 adders (D:2)
  A gnoll (D:3)
  2 worms (D:2)
  An orc (D:3)
  5 ball pythons
  4 bats
  5 endoplasms
  4 giant cockroaches
  9 goblins
  8 hobgoblins
  9 jackals
  2 quokkas
  3 kobolds
  3 rats
58 creatures vanquished.

Notes
Turn   | Place    | Note
-------+----------+-------------------------------------------
     0 | D:1      | jasper the Mummy Conjurer began the quest for the Orb.
     0 | D:1      | Reached XP level 1. HP: 13/13 MP: 4/4
   283 | D:1      | Reached XP level 2. HP: 19/19 MP: 0/5
   286 | D:1      | Learned a level 2 spell: Searing Ray
   736 | D:1      | Found a faded altar of an unknown god.
  1100 | D:1      | Reached XP level 3. HP: 24/24 MP: 4/7
  1880 | D:2      | Reached skill level 4 in Conjurations
  2126 | D:2      | Reached XP level 4. HP: 30/30 MP: 2/9
  2131 | D:2      | Learned a level 4 spell: Fulminant Prism
  2909 | D:3      | Noticed Robin
  2922 | D:3      | Slain by Robin

Illustrated notes

Levels and vault maps discovered:
D:1:      dpeg_arrival_refuge, layout_basic, basic_ecumenical_altar,
          hangedman_abyss_or_decor_stabs
D:2:      layout_loops_ring
D:3:      layout_basic, minmay_misc_feat_four_crosses, uniq_robin

Skill      XL: |  1  2  3 |
---------------+----------+-----
Spellcasting   | 3 |  3.7
Dodging        | 2 |  2.3
Conjurations   | 4 |  4.2
Stealth        | |  1.5

Action                   |  1- 3 |  4- 6 || total
-------------------------+-------+-------++-------
Melee: Spear             |    26 |       ||    26
       Staff             |       |     6 ||     6
 Cast: Magic Dart        |    57 |    13 ||    70
       Searing Ray       |     8 |     4 ||    12
  Use: Scroll            |       |     2 ||     2
Armor: Robe              |     7 |     1 ||     8
Dodge: Dodged            |    23 |     9 ||    32

Table legend: (Time is in decaauts)
 A = Elapsed time spent in this place.
 B = Non-inter-level travel time spent in this place.
 C = Inter-level travel time spent in this place.
 D = Time resting spent in this place.
 E = Time spent auto-exploring this place.
 F = Levels seen in this place.
 G = Mean time per level.
                   A        B        C        D        E       F      G
               +--------+--------+--------+--------+--------+-----+--------+
         Total |   2925 |   2830 |     95 |    501 |   2022 |   3 |  975.0 |
       Dungeon |   2925 |   2830 |     95 |    501 |   2022 |   3 |  975.0 |
               +--------+--------+--------+--------+--------+-----+--------+

Top non-repeatable levels by time:
     D:1: 1565 daAuts
     D:2: 1089 daAuts
     D:3: 270 daAuts
